 Dungeon Crawl Stone Soup version 0.28-a0-128-gcbb86046cc (webtiles) character file.

Game seed: 7918621173283502733

115 daftaero the Ruffian (level 4, 0/55 HPs)
             Began as a Draconian Transmuter on Aug 15, 2021.
             Succumbed to a scorpion's poison
             ... on level 3 of the Dungeon.
             The game lasted 00:03:40 (1334 turns).

daftaero the Ruffian (Draconian Transmuter)         Turns: 1334, Time: 00:03:41

Health: 0/55       AC: 22    Str: 14    XL:     4   Next: 68%
Magic:  6/8        EV:  2    Int: 13    God:
Gold:   89         SH:  0    Dex: 15    Spells: 7/8 levels left

rFire   . . .      SeeInvis .     - Unarmed
rCold   . . .      Faith    .   (no shield)
rNeg    + + +      Spirit   .   (armour unavailable)
rPois   +          Reflect  .   (helmet currently unavailable)
rElec   .          Harm     .   (cloak currently unavailable)
rCorr   .          Rampage  .   (gloves currently unavailable)
Will    +....      NoTele   +   (boots currently unavailable)
Stlth   +.........              (no amulet)
HPRegen 0.18/turn               c - ring of Xom's Recklessness {Will+ Dex+4}
MPRegen 0.11/turn               (no ring)

@: lethally poisoned (0 -> -4), tree-form, attractive, hasted, very quick
A: stationary, stasis, torment immunity, boosted hp, AC +5, unfitting armour,
(cold-blooded)
a: no special abilities


You were on level 3 of the Dungeon.
You were a tree.
You visited 1 branch of the dungeon, and saw 3 of its levels.

You collected 89 gold pieces.

Inventory:

Armour
 d - a scarf of invisibility (melded)
Jewellery
 c - the ring of Xom's Recklessness (left branch) {Will+ Dex+4}
   (You acquired it on level 1 of the Dungeon)

   [ring of willpower]

   Dex:       It affects your dexterity (+4).
   Will:      It increases your willpower.
Scrolls
 b - a scroll of identify
 j - a scroll of enchant armour
 k - a scroll of immolation {unknown}
 l - a scroll of teleportation {unknown}
 o - a scroll of fear {unknown}
 p - a scroll of amnesia {unknown}
Potions
 a - a potion of brilliance
 e - a potion of mutation {unknown}
 f - a potion of might {unknown}
 g - a potion of haste
 h - a potion of lignification
 m - a potion of curing {unknown}
 n - a potion of cancellation {unknown}


   Skills:
 + Level 2.6 Fighting
 - Level 1.7 Dodging
 + Level 3.7 Unarmed Combat
 + Level 2.8 Spellcasting
 + Level 3.0 Transmutations


You had 7 spell levels left.
You knew the following spells:

 Your Spells              Type           Power      Damage    Failure   Level
a - Beastly Appendage     Tmut           18%        N/A       7%          1

Your spell library contained the following spells:

 Spells                   Type           Power      Damage    Failure   Level
 Wereblood                Tmut           9%         N/A       11%         2
 Spider Form              Tmut/Pois      2%         N/A       36%         3
 Ice Form                 Ice/Tmut       5%         N/A       77%         4


Dungeon Overview and Level Annotations

Branches:
Dungeon (3/15)

Altars:
Cheibriados
Yredelemnul

Annotations:
D:2 Sigmund


Innate Abilities, Weirdness & Mutations

You are a tree.
Your roots penetrate the ground, keeping you stationary.
You cannot be teleported.
You are immune to unholy pain and torment.
Your maximum health is greatly increased.
Your equipment is partially melded.
((Your plain brown scales are hard. (AC +5)))
You cannot fit into any form of body armour.
((You are cold-blooded and may be slowed by cold attacks.))


Message History

You feel very sick. The scorpion stings you. The hobgoblin hits you.
* * * LOW HITPOINT WARNING * * *
You closely miss the scorpion. You claw the scorpion.
You kill the scorpion!
Your transformation is almost over.
* * * LOW HITPOINT WARNING * * *
You feel sick.
The hobgoblin hits you but does no damage.
Your Transmutations skill increases to level 3!
You have reached level 4!
You feel stronger.
You closely miss the hobgoblin. You headbutt the hobgoblin.
You kill the hobgoblin!
* * * LOW HITPOINT WARNING * * *
You feel sick.
It was a potion of haste.
You feel yourself speed up.
* * * LOW HITPOINT WARNING * * *
You feel sick. The endoplasm freezes you.
You are frozen.
* * * LOW HITPOINT WARNING * * *
You feel yourself slow down.
It was a potion of lignification.
Your horns disappear.
Your talons disappear.
You turn into a tree.
Your scarf of invisibility melds into your body.
Your roots penetrate the ground.
* * * LOW HITPOINT WARNING * * *
You feel sick.
The endoplasm hits you but does no damage.
You smack the endoplasm!
You kill the endoplasm!
You feel yourself speed up.
* * * LOW HITPOINT WARNING * * *
You feel sick.
You cannot move.
It was a potion of attraction.
You feel attractive to monsters.
You die...

.....⌠.._.#
#..........
..._.....#
####........#
.!...#.....##
##..............##
#.............$..#
#..........♣.....#
#................#
#................#
#................#
#................#
..........†....<##
.##.....##.....##
#####.######## #.#


There were no monsters in sight!

Vanquished Creatures
  A scorpion (D:3)
  2 dart slugs (D:1)
  9 endoplasms
  2 giant cockroaches
  4 goblins
  A hobgoblin (D:3)
  11 jackals
  2 quokkas (D:2)
  6 ball pythons
  2 bats (D:1)
  A frilled lizard (D:2)
  2 kobolds (D:2)
  A rat (D:1)
44 creatures vanquished.

Notes
Turn   | Place    | Note
-------+----------+-------------------------------------------
     0 | D:1      | daftaero the Draconian Transmuter began the quest for the
                  | Orb.
     0 | D:1      | Reached XP level 1. HP: 16/16 MP: 3/3
   133 | D:1      | Reached XP level 2. HP: 16/23 MP: 5/5
   578 | D:1      | Found a faded altar of an unknown god.
   633 | D:1      | Reached XP level 3. HP: 27/29 MP: 6/6
   755 | D:1      | Identified a scroll of acquirement
   755 | D:1      | Acquired the ring of Xom's Recklessness {Will+ Dex+4}
  1073 | D:2      | Noticed Sigmund
  1319 | D:3      | Found a snail-covered altar of Cheibriados.
  1319 | D:3      | Noticed a scorpion
  1321 | D:3      | Found a basalt altar of Yredelemnul.
  1329 | D:3      | Killed a scorpion
  1330 | D:3      | Reached XP level 4. HP: 8/37 MP: 5/8
  1331 | D:3      | HP: 1/37 [frozen (3)]
  1334 | D:3      | Succumbed to a scorpion's poison

Illustrated notes

Levels and vault maps discovered:
D:1:      minmay_arrival_open_corners, layout_rooms,
          chequers_ecumenical_altar_twisty
D:2:      layout_rooms, uniq_sigmund
D:3:      layout_rooms, grunt_temple_overflow_open

Skill      XL: |  1  2  3 |
---------------+----------+-----
Fighting       | 2 |  2.6
Transmutations | 3 |  3.0
Dodging        | |  1.7
Unarmed Combat | |  3.7
Spellcasting   | |  2.8

Action                   |  1- 3 |  4- 6 || total
-------------------------+-------+-------++-------
Melee: Unarmed           |   128 |     2 ||   130
       Kick              |    18 |       ||    18
       Headbutt          |     8 |     1 ||     9
       Tailslap          |    13 |       ||    13
       Punch             |     2 |       ||     2
 Cast: Beastly Appendage |     8 |       ||     8
  Use: Scroll            |     3 |       ||     3
       Potion            |       |     3 ||     3
Armor: Skin              |    41 |     1 ||    42
Dodge: Dodged            |    83 |       ||    83

Table legend: (Time is in decaauts)
 A = Elapsed time spent in this place.
 B = Non-inter-level travel time spent in this place.
 C = Inter-level travel time spent in this place.
 D = Time resting spent in this place.
 E = Time spent auto-exploring this place.
 F = Levels seen in this place.
 G = Mean time per level.
                   A        B        C        D        E       F      G
               +--------+--------+--------+--------+--------+-----+--------+
         Total |   1330 |   1313 |     17 |    113 |    755 |   3 |  443.3 |
       Dungeon |   1330 |   1313 |     17 |    113 |    755 |   3 |  443.3 |
               +--------+--------+--------+--------+--------+-----+--------+

Top non-repeatable levels by time:
     D:1: 773 daAuts
     D:2: 504 daAuts
     D:3: 52 daAuts
